Mikey, chaotic male orcish Wizard ---- ----------- --.>-------- |..=...`..| |.`........| |.........| |..-----.-.| |.........| |..|...|``.| |....<....| |.........-| |.........| |.......|..| |.........| |.----..--.| |........d| |........|.-- |.........| |.---.-.[...------------'| |...|...-...[....)....).o| |.........---------------- -----..|..| ------- Mikey the Thaumaturge Experience level: 7 Strength: 11 Dexterity: 11 Constitution: 18 Intelligence: 16 Wisdom: 12 Charisma: 11 Health: 0(56) Energy: 37(42) Def: 11 Gold: 16 Moves: 5032 Dungeon seed: XuR2gxEWSEhPbXxk Game ID: Mikey_1638530354 Your Inventory: Coins $ - 16 gold pieces Weapons s - a blessed +1 quarterstaff (weapon in hands) Armor e - an uncursed +0 cloak of magic resistance (being worn) i - an uncursed +0 crystal plate mail (being worn) q - an uncursed +0 pair of gauntlets of dexterity (being worn) S - an uncursed +0 elven leather helm (being worn) X - an uncursed +0 pair of elven boots (being worn) Comestibles A - an uncursed tripe ration B - an uncursed tin of gecko meat Rings c - an uncursed ring of teleport control (on left hand) d - an uncursed ring of polymorph control p - an uncursed ring of poison resistance v - an uncursed ring of searching L - a cursed ring of shock resistance O - a cursed ring of polymorph Wands b - a wand of fire (0:2) h - a wand of enlightenment (0:10) x - a cursed wand of sleep (0:2) y - a blessed wand of fire (0:7) E - a wand of teleportation (0:4) V - a wand of polymorph (0:2) Z - a wand of striking (0:2) Tools a - an uncursed magic whistle n - an uncursed towel Y - an uncursed oil lamp (0:1480) Gems r - an uncursed luckstone z - an uncursed worthless piece of black glass N - an uncursed worthless piece of yellowish brown glass Spells and supernatural/magical abilities: Name Level Category Fail Memory a - force bolt 1 attack 0% 75% n - detect monsters 1 divination 0% 84% z - sleep 1 enchantment 0% 75% E - detect food 2 divination 57% 85% K - cure sickness 3 healing 91% 90% W - pray for help -- divine ? -- Your skills at the end: Fighting Skills Weapon Skills quarterstaff [Basic] Spellcasting Skills attack spells [Basic] enchantment spells [Basic] Final Attributes: You were piously aligned. You were poison resistant. You were magic-protected. You were telepathic. You had infravision. You were stealthy. You had teleport control. You were lucky. You had extra luck. Bad luck did not time out for you. Good luck did not time out for you. You are dead. Vanquished creatures: a ghost a large mimic a gnome king an orc mummy a werewolf a dingo a jaguar a dwarf lord a blue jelly a dust vortex a raven 4 Woodland-elves a bugbear a mountain nymph 3 Uruk-hai an orc shaman a rock mole a pony a yellow light 2 shriekers 3 gnome lords 5 gnomish wizards a black naga hatchling a ghoul a straw golem a baby crocodile a floating eye a kitten 8 dwarves a rothe a monkey a werejackal 2 iguanas an acid blob 3 hobbits 2 manes a brown mold a yellow mold a red mold 21 gnomes 2 gnome zombies a gecko 7 jackals a fox 2 goblins 3 sewer rats a grid bug a bat 6 newts 107 creatures vanquished. Voluntary challenges: You used a wielded weapon 146 times, starting on turn 229. You read items or engraved 12 times, starting on turn 1661. You never genocided any monsters. You never polymorphed an object. You never changed form. You used no wishes. You never split a pudding. You never wrote Elbereth's name. You violated your moral code, losing 52 points of alignment, starting on turn 2472. Dungeon overview: The Dungeons of Doom: levels 1 to 8 Level 1 a fountain a long staircase Level 2 an altar to Anhur Level 3 (v) an altar to Ptah stairs to The Gnomish Mines Level 4 Level 5 Level 6 (oracler) many fountains Level 7 a fountain stairs to Sokoban Level 8 a fountain The Gnomish Mines: levels 4 to 7 Level 4 stairs to The Dungeons of Doom Level 5 Level 6 Level 7 many shops, a temple to Ptah, some fountains Sokoban: levels 5 to 6 Level 5 <- You were here Level 6 stairs to The Dungeons of Doom History has recorded: On T:1 you entered the Dungeons of Doom to retrieve the Amulet of Yendor! On T:194 you reached level 2 of The Dungeons of Doom. On T:528 you reached level 3 of The Dungeons of Doom. On T:618 you reached level 4 of The Dungeons of Doom. On T:770 you reached level 1 of The Gnomish Mines. On T:803 you advanced to experience level 2. On T:860 you advanced to experience level 3. On T:951 you advanced to experience level 4. On T:1094 you reached level 2 of The Gnomish Mines. On T:1155 you advanced to experience level 5. On T:1351 you reached level 3 of The Gnomish Mines. On T:1522 you reached level 4 of The Gnomish Mines. On T:1567 you advanced to experience level 6. On T:2942 you reached level 5 of The Dungeons of Doom. On T:3032 you reached level 6 of The Dungeons of Doom. On T:3354 you reached level 7 of The Dungeons of Doom. On T:3388 you reached level 8 of The Dungeons of Doom. On T:3499 you advanced to experience level 7. On T:3558 you reached level 4 of Sokoban. On T:4145 you reached level 3 of Sokoban. Score breakdown: Gold: 16 ( 4185 points) Experience: 7 levels (13645 points) Exploration: 8 levels ( 17.02%) (11702 points) Discoveries: 17 items ( 6.16%) ( 7445 points) Valuables value: (no points given unless you survive) Artifact value: 0 ( 0 points) Variety of kills: 49 monsters ( 12.86%) (10758 points) Turncount: 5032 turns (-1364 points) Survival: died (score multiplied by 80%) Total score: 37096 Latest messages: The gold golem hits! You hit the gold golem. The gold golem hits! The gold golem misses. You hit the gold golem. You miss the gold golem. The gold golem just misses! The gold golem hits! You hit the gold golem. The gold golem misses. (2x) You hit the gold golem! The gold golem hits! (2x) You hit the gold golem. You hit the gold golem! The gold golem hits! The gold golem misses. The spell misses the gold golem. The spell hits the little dog! The gold golem hits! You die... Final status: Goodbye Mikey the Wizard, killed by a gold golem... You died in Sokoban on dungeon level 5 with 37096 points, and 16 pieces of gold, after 5032 moves. You were level 7 with a maximum of 56 hit points when you died.